 Dungeon Crawl Stone Soup version 0.32-a0-699-g1ee5eff69a (webtiles) character file.

Game seed: 470906744455187096

576 BeKind the Chiller (level 7, -7/41 HPs)
             Began as an Octopode Ice Elementalist on Mar 13, 2024.
             Mangled by Menkaure (17 damage)
             ... on level 4 of the Dungeon.
             The game lasted 00:05:51 (4425 turns).

BeKind the Chiller (Octopode Ice Elementalist)      Turns: 4425, Time: 00:05:52

Health: -7/41      AC:  1    Str:  7    XL:     7   Next: 35%
Magic:  4/12       EV: 14    Int: 19    God:
Gold:   150        SH:  0    Dex: 19    Spells: 6/13 levels left

rFire   . . .        t - staff of cold
rCold   + . .        (no shield)
rNeg    + . .        (helmet restricted)
rPois   .            (no amulet)
rElec   .            h - ring of positive energy
rCorr   .            n - +6 ring of dexterity
SInv    .            (no ring)
Will    .....        (no ring)
Stlth   ++++         (no ring)
HPRegen 0.26/turn    (no ring)
MPRegen 0.13/turn    (no ring)
                     (no ring)

%: no passive effects
@: freezing walls
A: almost no armour, amphibious, 8 rings, camouflage 1, gelatinous body 1,
(nimble swimmer 1), tentacles
a: no special abilities


You were on level 4 of the Dungeon.
You visited 1 branch of the dungeon, and saw 4 of its levels.

You collected 150 gold pieces.

Inventory:

Hand Weapons
 d - a +0 dagger
 l - a +2 dagger of venom
Magical Staves
 t - a staff of cold (weapon)
Jewellery
 h - a ring of positive energy (left tentacle)
 n - a +6 ring of dexterity (right tentacle)
Scrolls
 b - 4 scrolls of teleportation {unknown}
 c - 3 scrolls of vulnerability {unknown}
 f - a scroll of silence {unknown}
 g - a scroll of revelation {unknown}
 i - 3 scrolls of identify {unknown}
 j - a scroll of summoning {unknown}
 p - 2 scrolls of fear {unknown}
 q - a scroll of immolation {unknown}
 r - a scroll of enchant weapon {unknown}
 s - a scroll of noise {unknown}
 u - a scroll of enchant armour {unknown}
Potions
 a - a potion of magic
 e - a potion of heal wounds


   Skills:
 + Level 2.2 Staves
 + Level 4.0 Dodging
 - Level 4.0 Stealth
 + Level 3.7 Spellcasting
 + Level 2.4 Summonings
 + Level 5.4 Ice Magic


You had 6 spell levels left.
You knew the following spells:

 Your Spells              Type           Power      Damage    Failure   Level
a - Freeze                Ice            100%       1d10      1%          1
b - Frozen Ramparts       Ice            72%        1d11      4%          3
c - Summon Ice Beast      Ice/Summ       27%        N/A       9%          3

Your spell library contained the following spells:

 Spells                   Type           Power      Damage    Failure   Level
 Ozocubu's Armour         Ice            36%        N/A       4%          3
 Slow                     Hex            12%        N/A       14%         1
 Confusing Touch          Hex            3%         N/A       38%         3
 Vampiric Draining        Necr           3%         2d6       38%         3


Dungeon Overview and Level Annotations

Branches:
Dungeon (4/15)
 Temple: D:4-7

Altars:

Annotations:
D:4 Menkaure


Innate Abilities, Weirdness & Mutations

You cannot wear most types of armour.
You are amphibious.
You can wear up to eight rings at the same time.
Your skin changes colour to match your surroundings (Stealth+).
Your rubbery body absorbs attacks. (AC +1, EV +1)
((You are camouflaged when in or above water. (Stealth+)))
You have tentacles for arms and can constrict up to eight enemies at once.


Message History

You feel a surge of power!
You freeze Menkaure.
Menkaure resists.
Menkaure is moderately damaged.
Menkaure resists.
The wall freezes Menkaure.
Menkaure completely misses you.
You feel a surge of power!
You freeze Menkaure but do no damage.
Menkaure completely resists.
Menkaure resists.
The wall freezes Menkaure.
Menkaure hits you.
Menkaure resists.
The wall freezes Menkaure.
Menkaure misses you.
You are too injured to fight recklessly!
You are too injured to fight recklessly!
Casting: Freeze (safe; 1% risk of failure)
Confirm with . or Enter, or press ? or * to list all spells.
Aiming: Freeze (safe; 1% risk of failure)
Press: ? - help, Shift-Dir - straight line, f/p - Menkaure
Aim: Menkaure (heavily damaged, fast)
You feel a surge of power!
You freeze Menkaure.
Menkaure resists.
Menkaure is severely damaged.
Menkaure completely resists.
The wall freezes Menkaure but does no damage.
Menkaure hits you!
* * * LOW HITPOINT WARNING * * *
An adder skeleton comes into view.
Casting: Freeze (safe; 1% risk of failure)
Confirm with . or Enter, or press ? or * to list all spells.
Aiming: Freeze (safe; 1% risk of failure)
Press: ? - help, Shift-Dir - straight line, f/p - Menkaure
Aim: Menkaure (severely damaged, fast)
You feel a surge of power!
You freeze Menkaure.
Menkaure resists.
Menkaure is severely damaged.
Menkaure resists.
The wall freezes Menkaure.
Menkaure closely misses you.
Unknown command.
Casting: Freeze (safe; 1% risk of failure)
Confirm with . or Enter, or press ? or * to list all spells.
Aiming: Freeze (safe; 1% risk of failure)
Press: ? - help, Shift-Dir - straight line, f/p - Menkaure
Aim: Menkaure (almost destroyed, fast)
You feel a surge of power!
You freeze Menkaure.
Menkaure resists.
Menkaure is almost destroyed.
The wall freezes Menkaure but does no damage.
Menkaure hits you!
You die...

# # # #
###############################
#
§§P...................M........
.
~§§~.###........M#######.......
. ~§§§§# #........@# .....$. .
.~~~.# #.........# ....... .
§.~.P# #.........# ....... .
P.P..# #.........# ###..## #
..######.........# ##### .## #
.................# ..... #
########.....Z...# ......
...#####.........###......
##....##.........#........


You could see Menkaure (fast) and an adder skeleton.

Vanquished Creatures
  Sigmund (D:2)
  A water moccasin zombie (D:4)
  3 centaur zombies (D:4)
  A bullfrog zombie (D:4)
  A jelly (D:4)
  A scorpion zombie (D:4)
  Terence (D:3)
  3 gnolls (D:2)
  5 adders
  3 adder zombies (D:4)
  3 ribbon worms
  2 orcs (D:4)
  4 ball pythons
  3 endoplasms
  8 goblins
  9 hobgoblins
  3 quokkas
  5 bats
  2 frilled lizards
  5 kobolds
  4 rats
68 creatures vanquished.

Notes
Turn   | Place    | Note
-------+----------+-------------------------------------------
     0 | D:1      | BeKind the Octopode Ice Elementalist began the quest for
                  | the Orb.
     0 | D:1      | Reached XP level 1. HP: 11/11 MP: 3/3
   176 | D:1      | Reached XP level 2. HP: 17/17 MP: 5/5
   686 | D:2      | Reached XP level 3. HP: 21/21 MP: 6/6
  1043 | D:3      | Reached XP level 4. HP: 27/27 MP: 7/7
  1066 | D:3      | Noticed Terence
  1081 | D:3      | Killed Terence
  1179 | D:3      | Found a faded altar of an unknown god.
  1341 | D:3      | Learned a level 3 spell: Frozen Ramparts
  1521 | D:3      | Learned a level 3 spell: Summon Ice Beast
  1791 | D:2      | Reached XP level 5. HP: 31/31 MP: 9/9
  1929 | D:2      | Noticed Sigmund
  1938 | D:2      | Killed Sigmund
  1939 | D:2      | Reached skill level 1 in Staves
  1939 | D:2      | Reached skill level 1 in Summonings
  1939 | D:2      | Reached skill level 5 in Ice Magic
  1939 | D:2      | Reached XP level 6. HP: 3/36 MP: 0/11
  2623 | D:4      | Noticed Menkaure
  3440 | D:4      | Noticed a water moccasin
  3690 | D:4      | Reached XP level 7. HP: 32/41 MP: 12/12
  3804 | D:4      | HP: 1/41 [water moccasin zombie (6)]
  3824 | D:4      | HP: 2/41 [water moccasin zombie (6)]
  4425 | D:4      | Mangled by Menkaure

Illustrated notes

Levels and vault maps discovered:
D:1:      heliophobic_arrival_glass_houses, layout_basic
D:2:      layout_basic, uniq_sigmund
D:3:      layout_basic, shapermc_ecumenical_altar_ellora, uniq_terence
D:4:      layout_rooms, overflow_temple_1_default, serial_undead,
          serial_undead_f, serial_undead_f, serial_undead_e, serial_undead_b,
          ebering_ghost_gozag, hangedman_decor_push, uniq_menkaure

Skill      XL: |  1  2  3  4  5  6  7 |
---------------+----------------------+-----
Stealth        | 3 4 |  4.0
Dodging        | 3 4 |  4.0
Staves         | 1 2 |  2.2
Spellcasting   | 3 |  3.7
Summonings     | 1 2 |  2.4
Ice Magic      | 5 |  5.4

Action                     |  1- 3 |  4- 6 |  7- 9 || total
---------------------------+-------+-------+-------++-------
  Melee: Unarmed           |     8 |       |       ||     8
         Constrict         |    12 |    15 |     4 ||    31
         Dagger            |    44 |    19 |       ||    63
         Tentacles         |     8 |    22 |    11 ||    41
         Staff             |       |    51 |    31 ||    82
   Cast: Freeze            |     8 |    20 |     6 ||    34
         Frozen Ramparts   |       |     2 |     1 ||     3
    Use: Potion            |       |     1 |     3 ||     4
   Stab: Sleeping          |     9 |     8 |       ||    17
         Distracted        |       |     1 |       ||     1
 Armour: Skin              |    24 |    81 |    56 ||   161
  Dodge: Dodged            |    33 |   109 |    70 ||   212

Table legend: (Time is in decaauts)
 A = Elapsed time spent in this place.
 B = Non-inter-level travel time spent in this place.
 C = Inter-level travel time spent in this place.
 D = Time resting spent in this place.
 E = Time spent auto-exploring this place.
 F = Levels seen in this place.
 G = Mean time per level.
                   A        B        C        D        E       F      G
               +--------+--------+--------+--------+--------+-----+--------+
         Total |   4415 |   4080 |    335 |   1340 |   2055 |   4 | 1103.8 |
       Dungeon |   4415 |   4080 |    335 |   1340 |   2055 |   4 | 1103.8 |
               +--------+--------+--------+--------+--------+-----+--------+

Top non-repeatable levels by time:
     D:3: 2254 daAuts
     D:2: 968 daAuts
     D:4: 650 daAuts
     D:1: 541 daAuts
